 Dungeon Crawl Stone Soup version 0.15-a0-1485-g692b94f (webtiles) character file.

350 Crauler the Ruffian (level 6, -4/50 HPs)
             Began as a Draconian Transmuter on June 14, 2014.
             Slain by Sigmund
             ... wielding a +1,+1 scythe
              (6 damage)
             ... on Level 3 of the Dungeon.
             The game lasted 00:23:15 (4060 turns).

Crauler the Ruffian (Draconian Transmuter)          Turns: 4060, Time: 00:23:15

HP  -4/50        AC  2     Str 13      XL: 6   Next: 34%
MP   8/11        EV 21     Int 15      God:
Gold 172         SH  0     Dex 16      Spells:  2 memorised,  6 levels left

rFire  + . .     SeeInvis .     r - melded +5,+0 trident of Dithmenos' Benevolence {pierce, rPois rF++}
rCold  . . .     Clarity  .     (armour unavailable)
rNeg   . . .     rCorr    .     (shield currently unavailable)
rPois  x         rRot     .     (helmet currently unavailable)
rElec  .         Spirit   .     (cloak currently unavailable)
SustAb .         Warding  .     (gloves currently unavailable)
rMut   .         Stasis   .     (boots currently unavailable)
Gourm  .                        (no amulet)
MR     .....                    (no ring)
                                c - ring of protection from fire

@: spider-form, not resistant to hostile enchantments, unstealthy
A: unfitting armour, (cold-blooded), AC +6
a: End Transformation


You were on level 3 of the Dungeon.
You were not hungry.
You were in spider-form.
You visited 1 branch of the dungeon, and saw 4 of its levels.

You collected 172 gold pieces.

Inventory:

Hand weapons
 f - a +2,+3 dagger of freezing
 r - the +5,+0 trident of Dithmenos' Benevolence (melded) {pierce, rPois rF++}
   (You found it on level 4 of the Dungeon)

   It inflicts extra damage upon your enemies.
   It greatly protects you from fire.
   It protects you from poison.
Magical devices
 p - a wand of confusion (0)
Comestibles
 a - 3 bread rations
 k - 2 fruits
 l - a meat ration
Scrolls
 b - a scroll of random uselessness {unknown}
 e - a scroll of recharging {unknown}
 g - a scroll of fog {unknown}
 h - 3 scrolls of identify
 i - a scroll of fear {unknown}
 j - a scroll of enchant armour {unknown}
Jewellery
 c - a ring of protection from fire (left front leg)
 s - an uncursed ring of sustain abilities {unknown}
Potions
 m - a potion of mutation {unknown}
 n - a potion of haste {unknown}
 o - a potion of poison {unknown}
Books
 d - a book of Changes

   Spells                             Type                      Level
   *Beastly Appendage                 Transmutation                1
   Sticks to Snakes                   Transmutation                2
   *Spider Form                       Transmutation/Poison         3
   Ice Form                           Ice/Transmutation            4
   Blade Hands                        Transmutation                5


   Skills:
 + Level 2.9 Fighting
 - Level 1.1 Short Blades
 * Level 3.8 Dodging
 - Level 1.0 Stealth
 * Level 4.0 Unarmed Combat
 + Level 2.5 Spellcasting
 * Level 3.1 Transmutations
 - Level 0.2 Poison Magic


You had 6 spell levels left.
You knew the following spells:

 Your Spells              Type           Power        Failure   Level  Hunger
a - Beastly Appendage     Trmt           ##....       21%         1    #......
b - Spider Form           Trmt/Pois      #.........   56%         3    ####...


Dungeon Overview and Level Annotations

Branches:
Dungeon (4/15)
 Temple: D:4-7

Altars:
Cheibriados
Gozag
Kikubaaqudgha
Nemelex Xobeh
Okawaru
Xom

Annotations:
D:3 Sigmund


Innate Abilities, Weirdness & Mutations

((Your plain brown scales are hard (AC +6).))*
Your body does not fit into most forms of armour.
((Your cold-blooded metabolism reacts poorly to cold.))*


Message History

You feel less confused. Something hits you!
* * * LOW HITPOINT WARNING * * *
Casting: Spider Form
Confirm with . or Enter, or press ? or * to list all spells.
You turn into a venomous arachnid creature.
The +5,+0 trident of Dithmenos' Benevolence {pierce, rPois rF++} melds into your body.
You hear some strange, mumbled words.
Something tries to affect you, but you resist.
Something barely misses you.
You hear some strange, mumbled words.
The magic dart hits you!
* * * LOW HITPOINT WARNING * * *
You hit something but do no damage. You hit something but do no damage.
You hear some strange, mumbled words.
The magic dart hits you!
* * * LOW HITPOINT WARNING * * *
You completely miss something. Something hits you.
You die...

####.##### #...........#### #.#.
......((.## #...........# ###.#.
....)###..# #...........# #.....
#########.###...........####.#...
#.........................#
#.......##.####.######.#...
#.......##.# #.# #.##.#
#.......##{# #.# #.##.#
####..####s# #.# #.##.#
#########.## #.# #.# #.#..#
#.........<# #.# #.# #.#.##
#.########.###.# #.# #.#... ###.#
#..##.# #.# #.#### ....# ##.##.#
#.# #..... ....# #)##.####.##
#.#### ....# #.##.##....# ### #.
....# #..#.##....# ##


There were no monsters in sight!

Vanquished Creatures
  An ogre (D:3)
  A goliath beetle (D:3)
  A hound (D:4)
  2 worker ants
  Ijyb (D:3)
  4 gnolls (D:3)
  2 adders
  2 worms
  4 giant geckos
  4 orcs
  4 giant cockroaches
  8 hobgoblins
  3 jackals
  8 kobolds
  A ball python (D:3)
  5 bats
  4 giant newts
  7 goblins
  8 rats
70 creatures vanquished.

Notes
Turn   | Place    | Note
--------------------------------------------------------------
     0 | D:1      | Crauler, the Draconian Transmuter, began the quest for the Orb.
     0 | D:1      | Reached XP level 1. HP: 16/16 MP: 3/3
   393 | D:1      | Reached XP level 2. HP: 18/23 MP: 2/4
   945 | D:2      | Found a shimmering altar of Xom.
   948 | D:2      | Found an ancient bone altar of Kikubaaqudgha.
   948 | D:2      | Found an opulent altar of Gozag.
   950 | D:2      | Found a snail-covered altar of Cheibriados.
   979 | D:2      | Found an iron altar of Okawaru.
   979 | D:2      | Found a sparkling altar of Nemelex Xobeh.
  1052 | D:2      | Reached XP level 3. HP: 28/28 MP: 6/6
  1057 | D:2      | Learned a level 3 spell: Spider Form
  1941 | D:3      | Reached XP level 4. HP: 17/36 MP: 3/7
  2249 | D:3      | Reached XP level 5. HP: 21/42 MP: 2/9
  2432 | D:3      | Reached skill level 1 in Short Blades
  2432 | D:3      | Reached skill level 1 in Stealth
  2765 | D:3      | Noticed Sigmund
  3025 | D:4      | Got a jewelled trident
  3026 | D:4      | Identified the +5,+0 trident of Dithmenos' Benevolence {pierce, rPois rF++} (You found it on level 4 of the Dungeon)
  3081 | D:4      | Noticed an ogre
  3443 | D:3      | Noticed Ijyb
  3469 | D:3      | Killed Ijyb
  3469 | D:3      | Reached XP level 6. HP: 44/50 MP: 11/11
  3712 | D:3      | Killed an ogre
  3712 | D:3      | Reached skill level 4 in Unarmed Combat
  4059 | D:3      | HP: 2/50 [something/magic dart (6)]
  4060 | D:3      | Slain by Sigmund

Action                   |  1- 3 |  4- 6 || total
-------------------------+-------+-------++-------
Melee: Unarmed           |    74 |    16 ||    90
       Dagger            |    88 |    77 ||   165
       Trident           |       |    40 ||    40
 Cast: Beastly Appendage |     2 |     1 ||     3
       Spider Form       |     1 |     3 ||     4
  Use: Scroll            |     4 |     1 ||     5
       Potion            |     2 |       ||     2
 Stab: Sleeping          |       |     1 ||     1
